 Dungeon Crawl Stone Soup version 0.25-a0-424-g80bd347ae0 (webtiles) character file.

Game seed: 4416279583332382561, levelgen mode: deterministic

111713 MrRokkomies the Slicer (level 16, -2/100 HPs)
             Began as a Spriggan Assassin on Jan 21, 2020.
             Was a High Priest of Okawaru.
             Slain by an entropy weaver (16 damage)
             ... on level 2 of the Spider Nest.
             The game lasted 01:47:36 (38615 turns).

MrRokkomies the Slicer (Spriggan Assassin)         Turns: 38615, Time: 01:47:39

Health: -2/100     AC:  8    Str: 11    XL:     16   Next: 10%
Magic:  24/24      EV: 25    Int: 15    God:    Okawaru [*****.]
Gold:   1632       SH:  7    Dex: 18    Spells: 4/25 levels left

rFire    + + +     SeeInvis +   b - +3 short sword (venom)
rCold    + . .     Gourm    .   C - +0 buckler
rNeg     + . .     Faith    .   R - +2 robe {rC+}
rPois    +         Spirit   .   u - +2 hat {MR+}
rElec    +         Reflect  .   N - +1 cloak {rF+}
rCorr    +         Harm     .   (gloves unavailable)
MR       +++..                  (boots unavailable)
Stlth    ++++......             c - amulet of Vitality {Regen+ HP+15}
HPRegen  0.66/turn              h - ring of Gocwim Pour {Wiz rElec rPois rN+}
MPRegen  0.19/turn              w - ring "Igoenox" {rF++ rCorr}

@: heavily drained, very quick
A: very small, unfitting armour, see invisible, herbivore, speed 3, slow
metabolism 2
a: Heroism, Finesse, Renounce Religion


You were on level 2 of the Spider Nest.
You worshipped Okawaru.
Okawaru was extremely pleased with you.
You were not hungry.

You visited 4 branches of the dungeon, and saw 25 of its levels.
You also visited: Trove and Volcano.

You collected 3263 gold pieces.
You spent 1631 gold pieces at shops.

Inventory:

Hand Weapons
 a - a +3 rapier of speed
 b - a +3 short sword of venom (weapon)
Missiles
 d - 47 poisoned darts (quivered)
 e - 20 boomerangs
 k - 9 curare-tipped darts
 r - 22 atropa-tipped darts
 U - 6 throwing nets
 Y - 4 datura-tipped darts
Armour
 u - a +2 hat of magic resistance (worn)
 C - a +0 buckler (worn)
 N - a +1 cloak of fire resistance (worn)
 R - a +2 robe of cold resistance (worn)
Jewellery
 c - the amulet of Vitality (around neck) {Regen+ HP+15}
   (You found it in a treasure trove)

   [amulet of regeneration]

   It affects your health (+15).
   It increases your rate of regeneration.
 h - the ring of Gocwim Pour (left hand) {Wiz rElec rPois rN+}
   (You found it in a treasure trove)

   [ring of wizardry]

   It improves your spell success rate.
   It insulates you from electricity.
   It protects you from poison.
   It protects you from negative energy.
 i - an uncursed ring of protection from magic
 m - an uncursed ring of protection from cold
 w - the ring "Igoenox" (right hand) {rF++ rCorr}
   (You found it in a treasure trove)

   [ring of resist corrosion]

   It greatly protects you from fire.
   It provides partial protection from all sources of acid and corrosion.
 D - the amulet "Hoint" {+Rage +Inv}
   (You found it in a treasure trove)

   [amulet of rage]

   It lets you turn invisible.
   It lets you go berserk.
Wands
 o - a wand of disintegration (27)
 q - a wand of iceblast (15)
 y - a wand of paralysis (15)
 A - a wand of scattershot (13)
 J - a wand of enslavement (12)
 M - a wand of digging (13)
 T - a wand of polymorph (28)
Scrolls
 g - 8 scrolls of identify
 j - 5 scrolls of remove curse
 p - 4 scrolls of enchant weapon
 s - a scroll of blinking
 t - 2 scrolls of silence
 F - 5 scrolls of fog
 K - 2 scrolls of teleportation
 P - 4 scrolls of immolation
 Q - a scroll of enchant armour
 X - a scroll of fear
Potions
 l - 3 potions of flight
 n - 3 potions of ambrosia
 v - 2 potions of cancellation
 x - 3 potions of curing
 z - 2 potions of resistance
 E - 6 potions of haste
 H - a potion of magic
 I - 6 potions of lignification
 L - a potion of berserk rage
 O - 4 potions of might
 Z - a potion of invisibility
Miscellaneous
 B - a lamp of fire
 G - a sack of spiders
Comestibles
 f - 13 rations


   Skills:
 - Level 10.0(7.6) Fighting
 - Level 14.0(11.4) Short Blades
 + Level 12.3(9.9) Throwing
 - Level 11.9(9.4) Dodging
 - Level 10.2(7.9) Stealth
 * Level 6.1(4.0) Shields
 - Level 5.0(3.0) Spellcasting
 - Level 12.0(9.5) Hexes
 - Level 7.0(4.8) Translocations
 + Level 2.1(0.2) Transmutations
 + Level 7.9(5.7) Invocations
 - Level 10.0(7.6) Evocations


You had 4 spell levels left.
You knew the following spells:

 Your Spells              Type           Power        Failure   Level  Hunger
a - Ensorcelled Hibernat  Hex/Ice        ###...       2%          2    ##.....
b - Confusing Touch       Hex            ####....     1%          3    ###....
c - Dazzling Flash        Conj/Hex       ###...       4%          3    ###....
d - Blink                 Tloc           N/A          1%          2    ##.....
e - Tukima's Dance        Hex            ####....     1%          3    ###....
f - Gell's Gravitas       Tloc           ###.......   4%          3    ###....
g - Yara's Violent Unrav  Hex/Tmut       ###.......   34%         5    ######.

Your spell library contained the following spells:

 Spells                   Type           Power        Failure   Level  Hunger
 Corona                   Hex            ####...      1%          1    #......
 Slow                     Hex            ####....     1%          2    ##.....
 Inner Flame              Hex/Fire       ###.....     4%          3    ###....
 Spectral Weapon          Hex/Chrm       ###.....     4%          3    ###....
 Shroud of Golubria       Chrm/Tloc      #.....       6%          2    ##.....
 Foxfire                  Conj/Fire      #...         10%         1    #......
 Infusion                 Chrm           #...         10%         1    #......
 Magic Dart               Conj           #...         10%         1    #......
 Sandblast                Erth           #.....       10%         1    #......
 Passwall                 Tmut/Erth      #.......     14%         2    ##.....
 Call Imp                 Summ           #.......     16%         2    ##.....
 Poisonous Vapours        Pois/Air       #.....       16%         2    ##.....
 Song of Slaying          Chrm           #.......     16%         2    ##.....
 Conjure Flame            Conj/Fire      #.......     28%         3    ###....
 Mephitic Cloud           Conj/Pois/Air  #.......     28%         3    ###....
 Ozocubu's Armour         Chrm/Ice       #.......     28%         3    ###....
 Stone Arrow              Conj/Erth      #.....       28%         3    ###....
 Ice Form                 Ice/Tmut       #.......     65%         4    #####..
 Petrify                  Tmut/Erth      #.......     65%         4    #####..
 Sticky Flame             Conj/Fire      #.......     65%         4    #####..
 Metabolic Englaciation   Hex/Ice        ###.......   34%         5    ######.
 Fireball                 Conj/Fire      #.........   92%         5    ######.
 Lee's Rapid Deconstruct  Erth           #.........   92%         5    ######.
 Freezing Cloud           Conj/Ice/Air   #.........   100%        6    #######
 Ozocubu's Refrigeration  Ice            #.........   100%        6    #######
 Simulacrum               Ice/Necr       #.........   100%        6    #######
 Ring of Flames           Chrm/Fire      #.........   100%        7    #######


Dungeon Overview and Level Annotations

Branches:
Dungeon (15/15)            Temple (0/1) D:7            Lair (6/6) D:10
 Shoals (0/4) Lair:4       Spider (2/4) Lair:2        Slime (0/5) Lair:5
    Orc (2/2) D:12            Elf (0/3) Orc:2        Vaults (0/5) D:14
 Depths (0/5) D:15        Volcano (visited)

Altars:
Ashenzari
Cheibriados
Elyvilon
Fedhas
Gozag
Hepliaklqana
Kikubaaqudgha
Okawaru
Ru
Uskayaw
Vehumet
Wu Jian
Zin
The Shining One
Beogh
Jiyva

Shops:
D:4 !   D:7 ?   D:15 (   Orc:2 **=[(

Annotations:
D:6 1 runed translucent door, scorp85's ghost, amateur TrMo
D:7 2 transporters, Henning's ghost, novice TrMo
D:9 3 runed translucent doors, PeterQ's ghost, novice VSMo
Lair:1 exclusion: 2 oklob plants


Innate Abilities, Weirdness & Mutations

You are very small and have problems with some larger weapons.
You are too small for most types of armour.
You have supernaturally acute eyesight. (SInv)
You are a herbivore.
You cover ground extremely quickly.
You need to consume almost no food.


Message History

You hit the entropy weaver.
The entropy weaver looks as sick as possible!
The entropy weaver is heavily wounded.
The entropy weaver hits you but does no damage.
The entropy weaver hits you! The entropy weaver misses you.
You block the entropy weaver's attack.
You closely miss the entropy weaver.
The entropy weaver is heavily wounded.
You hit the entropy weaver.
The entropy weaver looks as sick as possible!
The entropy weaver is severely wounded.
The entropy weaver hits you. You block the entropy weaver's attack.
The entropy weaver misses you. x2
You barely miss the entropy weaver.
The entropy weaver is severely wounded.
The entropy weaver hits you! The entropy weaver hits you.
The entropy weaver hits you!
* * * LOW HITPOINT WARNING * * *
The entropy weaver hits you!
You die...

#(.........
#.(........
#.......#
###.....##
#.†#####.##
##a# ..# ###.##
##.#
#....###.###
#....a@....##
#..........^#
##...........#
#......##....#
####...#.#...^#
##.....##....
##............
#.......####..
##.......#


You could see an entropy weaver.

Vanquished Creatures
  Asterion (Spider:1)
  Agnes (D:14)
  An orc warlord (Orc:2)
  Louise (Spider:1)
  An entropy weaver (Lair:2)
  Josephine (Lair:6)
  An ettin (Orc:1)
  Fannar (Lair:3)
  Harold (D:11)
  4 hydras
  2 vault guards (D:14)
  4 two-headed ogres
  Erica (Orc:1)
  A sun demon (Volcano)
  2 orc high priests (Orc:2)
  Sonja (D:10)
  Nergalle (Lair:3)
  10 skeletal warriors (D:15)
  A hell knight (Volcano)
  5 elephants (Lair:5)
  3 wizards (D:15)
  9 wolf spiders
  2 wolf spider zombies (D:15)
  4 orc knights
  A necromancer (D:15)
  3 orc sorcerers
  11 ugly things
  3 orb spiders (Spider:1)
  2 cyclopes
  2 manticores (D:15)
  4 black mambas
  Maurice (D:8)
  A merfolk siren (Lair:4)
  A naga mage (D:15)
  Joseph (D:10)
  2 molten gargoyles (Volcano)
  27 spiny frogs
  A torpor snail (Spider:1)
  A gargoyle (D:15)
  A kobold demonologist (D:13)
  6 komodo dragons
  4 demonic crawlers
  A red devil (Volcano)
  5 polar bears (Lair:4)
  3 merfolk (Lair:4)
  3 tyrant leeches (Lair:6)
  7 trolls
  16 jumping spiders
  5 hornets
  A harpy skeleton (D:15)
  4 slime creatures (D:15)
  10 hippogriffs
  31 blink frogs
  A raiju (shapeshifter) (D:15)
  28 redbacks
  4 wraiths (Lair:6)
  49 yaks
  6 tarantellas
  4 wyverns
  6 humans (D:14)
  2 basilisks (Lair:1)
  10 vampire mosquitoes
  5 fire bats
  A golden eye (shapeshifter) (D:15)
  4 wargs
  Menkaure (D:5)
  A soldier ant (D:14)
  10 water moccasins
  2 hell hounds (Volcano)
  13 porcupines
  26 orc warriors
  2 sky beasts
  6 black bears
  Duvessa (D:5)
  5 ice beasts
  2 eyes of draining
  2 necrophages
  8 ogres
  3 wolves (Lair:6)
  28 centaurs
  7 big kobolds
  6 crocodiles
  3 gnoll sergeants (D:12)
  Blork the orc (D:5)
  28 bullfrogs
  Dowan (D:5)
  2 scorpions
  A water moccasin zombie (D:8)
  3 wights (D:13)
  5 howler monkeys
  3 electric eels
  6 crimson imps
  A bullfrog zombie (D:13)
  6 lava snakes (Volcano)
  3 centaur zombies
  2 jellies
  5 hounds
  20 orc priests
  3 centaur skeletons
  Ijyb (D:4)
  10 worker ants
  6 iguanas
  20 orc wizards
  12 hell rats
  2 killer bee zombies
  A hound zombie (D:6)
  A hound skeleton (D:8)
  11 gnolls
  A worker ant zombie (D:7)
  10 adders
  7 shadow imps
  An ooze (D:5)
  An adder zombie (D:7)
  2 adder skeletons
  4 worms
  4 dart slugs
  3 leopard geckos
  68 orcs
  9 bats
  7 giant cockroaches
  26 goblins
  28 hobgoblins
  11 jackals
  10 kobolds
  4 quokkas
  2 ball pythons
  2 frilled lizards
  A jackal skeleton (D:8)
  A leopard gecko skeleton (D:6)
  A leopard gecko zombie (D:7)
  23 rats
  A plant (Lair:6)
844 creatures vanquished.

Vanquished Creatures (collateral kills)
  2 vault guards (D:14)
  An orc knight (Orc:2)
  An orc sorcerer (Orc:2)
  4 elephants (Lair:5)
  A human (D:14)
  4 orc warriors (Orc:2)
  An orc wizard (Orc:2)
  3 orcs (Orc:2)
17 creatures vanquished.

Vanquished Creatures (others)
  An elephant (Lair:5)
  A yak (D:11)
  A human (D:14)
  8 dancing weapons
  A centaur (Lair:3)
  An orc (Orc:2)
  58 fungi
  56 plants
127 creatures vanquished.

Grand Total: 988 creatures vanquished

Notes
Turn   | Place    | Note
-------+----------+-------------------------------------------
     0 | D:1      | MrRokkomies the Spriggan Assassin began the quest for the
                  | Orb.
     0 | D:1      | Reached XP level 1. HP: 10/10 MP: 2/2
   105 | D:1      | Reached XP level 2. HP: 3/14 MP: 3/3
   866 | D:1      | Reached XP level 3. HP: 18/18 MP: 4/4
  1237 | D:2      | Reached skill level 3 in Short Blades
  1466 | D:2      | Found a faded altar of an unknown god.
  1833 | D:3      | Reached XP level 4. HP: 22/22 MP: 5/5
  2479 | D:3      | Found an iron altar of Okawaru.
  2498 | D:3      | Became a worshipper of Warmaster Okawaru
  2609 | D:3      | Reached XP level 5. HP: 12/25 MP: 6/6
  2928 | D:4      | Found Myizewumpa's Distillery.
  3017 | D:4      | Reached skill level 4 in Short Blades
  3072 | D:4      | Reached XP level 6. HP: 29/30 MP: 7/7
  3167 | D:4      | Found an iron altar of Okawaru.
  3230 | D:4      | Noticed a hippogriff
  3250 | D:4      | Noticed Ijyb
  3289 | D:4      | Killed a hippogriff
  3289 | D:4      | Reached * piety under Okawaru
  3289 | D:4      | Reached skill level 5 in Short Blades
  3336 | D:4      | Killed Ijyb
  3336 | D:4      | Reached XP level 7. HP: 31/33 MP: 8/8
  3652 | D:4      | Got a sparkling wooden ring
  3653 | D:4      | Identified the ring "Ubam" {*Tele rC+} (You found it on
                  | level 4 of the Dungeon)
  3715 | D:5      | Entered Level 5 of the Dungeon
  3926 | D:5      | Found an opulent altar of Gozag.
  3930 | D:5      | Found a hide-covered altar of Uskayaw.
  3930 | D:5      | Found a white marble altar of Elyvilon.
  3948 | D:5      | Found a snail-covered altar of Cheibriados.
  3952 | D:5      | Found a sacrificial altar of Ru.
  4098 | D:5      | Reached skill level 5 in Throwing
  4200 | D:5      | Noticed Menkaure
  4226 | D:5      | Killed Menkaure
  4226 | D:5      | Reached ** piety under Okawaru
  4226 | D:5      | Reached skill level 5 in Dodging
  4524 | D:5      | Found a glowing golden altar of the Shining One.
  4544 | D:5      | Noticed Blork the orc
  4546 | D:5      | Killed Blork the orc
  4546 | D:5      | Reached skill level 6 in Short Blades
  4549 | D:5      | Reached XP level 8. HP: 37/37 MP: 9/9
  4682 | D:5      | Noticed Duvessa
  4684 | D:5      | Noticed Dowan
  4932 | D:5      | Killed Duvessa
  4963 | D:5      | Killed Dowan
  5443 | D:5      | Reached skill level 7 in Short Blades
  5462 | D:5      | Reached *** piety under Okawaru
  6083 | D:6      | Noticed scorp85's ghost (amateur TrMo)
  6092 | D:6      | Found a runed translucent door.
  6156 | D:6      | Found a radiant altar of Vehumet.
  6162 | D:6      | Received a gift from Okawaru
  6234 | D:6      | Reached XP level 9. HP: 31/41 MP: 10/10
  6629 | D:6      | Reached skill level 8 in Short Blades
  6805 | D:6      | Reached **** piety under Okawaru
  6840 | D:6      | Reached skill level 10 in Stealth
  7311 | D:6      | Learned a level 2 spell: Ensorcelled Hibernation
  7315 | D:6      | Learned a level 3 spell: Confusing Touch
  7319 | D:6      | Learned a level 3 spell: Dazzling Flash
  7517 | D:7      | Received a gift from Okawaru
  7517 | D:7      | Reached skill level 9 in Short Blades
  7635 | D:7      | Found a hazy altar of Hepliaklqana.
  7644 | D:7      | Found Ozusug's Magic Scroll Shoppe.
  7837 | D:7      | Found a transporter.
  7839 | D:7      | Noticed a gargoyle
  7845 | D:7      | Noticed Henning's ghost (novice TrMo)
  7869 | D:7      | Found a transporter.
  8286 | D:7      | Found an ancient bone altar of Kikubaaqudgha.
  8313 | D:7      | Found a staircase to the Ecumenical Temple.
  8614 | D:8      | Reached XP level 10. HP: 43/46 MP: 11/11
  8642 | D:8      | Found an ornate altar of the Wu Jian Council.
  8841 | D:8      | Noticed a two-headed ogre
  8857 | D:8      | Killed a two-headed ogre
  8857 | D:8      | Received a gift from Okawaru
  8857 | D:8      | Reached ***** piety under Okawaru
  8873 | D:8      | Reached skill level 10 in Short Blades
  8882 | D:8      | Received a gift from Okawaru
  9109 | D:8      | Noticed Maurice
  9121 | D:8      | Killed Maurice
 10026 | D:9      | Found a white marble altar of Elyvilon.
 10493 | D:9      | Found a runed translucent gate.
 10493 | D:9      | Found a runed translucent gate.
 10493 | D:9      | Found a runed translucent gate.
 10676 | D:9      | Noticed PeterQ's ghost (novice VSMo)
 10811 | D:9      | You fall into a shaft and drop 1 floor!
 10811 | D:10     | Entered Level 10 of the Dungeon
 10811 | D:10     | Found a staircase to the Lair.
 11287 | D:10     | Reached skill level 10 in Throwing
 11302 | D:10     | Received a gift from Okawaru
 11302 | D:10     | Reached skill level 10 in Dodging
 11310 | D:10     | Reached skill level 11 in Short Blades
 11779 | D:10     | Reached skill level 1 in Hexes
 12065 | D:10     | Received a gift from Okawaru
 12133 | D:10     | Reached XP level 11. HP: 47/50 MP: 12/12
 12474 | D:10     | Noticed Joseph
 12498 | D:10     | Killed Joseph
 12633 | D:10     | Noticed Sonja
 12646 | D:10     | Killed Sonja
 13034 | D:10     | Found a blossoming altar of Fedhas.
 13175 | Lair:1   | Entered Level 1 of the Lair of Beasts
 13841 | Lair:1   | Received a gift from Okawaru
 13841 | Lair:1   | Reached ****** piety under Okawaru
 13841 | Lair:1   | Reached skill level 12 in Short Blades
 13940 | Lair:1   | Found a white marble altar of Elyvilon.
 14001 | Lair:1   | Noticed an oklob plant
 14001 | Lair:1   | Noticed an oklob plant
 14159 | D:11     | Reached skill level 1 in Evocations
 14400 | Lair:1   | Received a gift from Okawaru
 14871 | Lair:2   | Noticed a seven-headed hydra
 14918 | Lair:2   | Found a hole to the Spider Nest.
 14973 | Lair:2   | Reached skill level 5 in Hexes
 15141 | Lair:2   | Killed a seven-headed hydra
 15141 | Lair:2   | Received a gift from Okawaru
 15141 | Lair:2   | Reached skill level 5 in Fighting
 15349 | Lair:2   | Reached XP level 12. HP: 43/60 MP: 15/15
 15641 | Lair:2   | Found a dark tunnel.
 15656 | Volcano  | Entered a volcano
 16078 | Volcano  | Found a bloodstained altar of Trog.
 16415 | Lair:2   | Reached skill level 5 in Evocations
 16745 | Lair:3   | Noticed Fannar
 16826 | Lair:3   | Killed Fannar
 17641 | Lair:3   | Noticed Nergalle
 17699 | Lair:3   | Killed Nergalle
 17811 | Lair:3   | Found a glowing silver altar of Zin.
 17994 | Lair:4   | Learned a level 2 spell: Blink
 18117 | Lair:4   | Received a gift from Okawaru
 18286 | Lair:4   | Received a gift from Okawaru
 18554 | Lair:4   | Reached skill level 13 in Short Blades
 18566 | Lair:4   | Found a staircase to the Shoals.
 18612 | Lair:4   | Received a gift from Okawaru
 18617 | Lair:4   | Reached XP level 13. HP: 36/67 MP: 18/18
 18814 | Lair:4   | Received a gift from Okawaru
 19285 | Lair:5   | Found a staircase to the Slime Pits.
 19285 | Lair:5   | Found a viscous altar of Jiyva.
 19627 | Lair:5   | Reached skill level 10 in Hexes
 21252 | Lair:6   | Entered Level 6 of the Lair of Beasts
 21690 | Lair:6   | Received a gift from Okawaru
 22173 | Lair:6   | Noticed Josephine
 22197 | Lair:6   | Killed Josephine
 22199 | Lair:6   | HP: 1/70 [wraith[Josephine] (15)]
 22526 | Lair:6   | Received a gift from Okawaru
 23027 | Lair:6   | Received a gift from Okawaru
 23441 | Lair:6   | Reached XP level 14. HP: 58/75 MP: 21/21
 24013 | Lair:6   | Received a gift from Okawaru
 25039 | D:11     | Noticed Harold
 25078 | D:11     | Killed Harold
 25078 | D:11     | Reached skill level 1 in Translocations
 25316 | D:11     | Reached skill level 14 in Short Blades
 26220 | D:12     | Found a staircase to the Orcish Mines.
 26223 | D:12     | Reached skill level 10 in Evocations
 26330 | Orc:1    | Entered Level 1 of the Orcish Mines
 26330 | Orc:1    | Found a roughly hewn altar of Beogh.
 26464 | Orc:1    | You fall into a shaft and drop 1 floor!
 26464 | Orc:2    | Entered Level 2 of the Orcish Mines
 26471 | Orc:1    | Noticed Erica
 26485 | Orc:1    | Killed Erica
 26650 | Orc:2    | Found Migorhy's Antique Weapon Shoppe.
 26737 | Orc:1    | Reached skill level 5 in Translocations
 26868 | Orc:2    | Bought a warped dagger for 175 gold pieces
 26868 | Orc:2    | Identified the +4 dagger "Suonkol" {drain, rElec rN+ Str+2
                  | Int-5} (You bought it in a shop on level 2 of the Orcish
                  | Mines)
 26878 | Orc:2    | Found Dupnexot's Antique Armour Emporium.
 27144 | Orc:1    | Learned a level 3 spell: Tukima's Dance
 27205 | Orc:2    | Reached skill level 10 in Fighting
 27622 | Orc:2    | Reached skill level 1 in Invocations
 27869 | Orc:2    | Bought a smoking robe for 176 gold pieces
 27879 | Orc:2    | Identified the cursed +0 robe "Lyovoec" {rF++} (You bought
                  | it in a shop on level 2 of the Orcish Mines)
 28145 | Orc:2    | Found Kaschough's Jewellery Shop.
 28146 | Orc:2    | Noticed an orc warlord
 28148 | Orc:2    | Found Luneje's General Store.
 28233 | Orc:2    | Found Owiokivu's Assorted Antiques.
 28305 | Orc:2    | Bought a lamp of fire for 1280 gold pieces
 28340 | Orc:2    | Found a staircase to the Elven Halls.
 28367 | Orc:2    | Killed an orc warlord
 28756 | D:12     | Found a glowing golden altar of the Shining One.
 29277 | D:13     | Found an opulent altar of Gozag.
 29432 | D:13     | Found a portal to a secret trove of treasure.
 29602 | D:13     | Reached skill level 1 in Shields
 29649 | D:13     | Received a gift from Okawaru
 30456 | D:13     | Identified the +4 dagger of Teavemuc {freeze, MR++ Str+6
                  | Int-2} (You found it on level 13 of the Dungeon)
 30464 | D:13     | Found an iron altar of Okawaru.
 30814 | D:14     | Noticed Agnes
 30824 | D:14     | Killed Agnes
 30824 | D:14     | Received a gift from Okawaru
 30824 | D:14     | Reached XP level 15. HP: 61/80 MP: 23/23
 31493 | D:14     | Reached skill level 5 in Invocations
 31766 | D:14     | Found a gate to the Vaults.
 31952 | D:15     | Entered Level 15 of the Dungeon
 32010 | D:15     | Found a shattered altar of Ashenzari.
 32089 | D:15     | Found a staircase to the Depths.
 33924 | D:15     | Found Teyna's Weapon Shoppe.
 33956 | D:15     | Reached skill level 1 in Spellcasting
 33972 | D:15     | Received a gift from Okawaru
 34622 | Spider:1 | Entered Level 1 of the Spider Nest
 34666 | Lair:2   | Reached skill level 5 in Shields
 36455 | Spider:1 | Identified a scroll of acquirement
 36462 | Spider:1 | Noticed Asterion
 36591 | Spider:1 | Received a gift from Okawaru
 36592 | Spider:1 | Got a transparent spear {god gift}
 36671 | Spider:1 | Noticed an Executioner
 36742 | Spider:1 | Reached skill level 5 in Spellcasting
 36911 | Spider:1 | Learned a level 3 spell: Gell's Gravitas
 36917 | Spider:1 | Learned a level 5 spell: Yara's Violent Unravelling
 37124 | Spider:1 | Killed Asterion
 37124 | Spider:1 | Reached skill level 1 in Transmutations
 37124 | Spider:1 | Reached XP level 16. HP: 85/85 MP: 24/24
 37461 | D:13     | You paid a toll of a +4 demon trident to enter a treasure
                  | trove
 37462 | Trove    | Entered a treasure trove
 37466 | Trove    | Found the amulet of Vitality {Regen+ HP+15}
 37469 | Trove    | Got a pitted lead amulet
 37473 | Trove    | Got a transparent ivory ring
 37475 | Trove    | Got a glittering lapis lazuli ring
 37479 | Trove    | Got a translucent silver amulet
 37485 | Trove    | Got a fine lead ring
 37489 | Trove    | Got a fine platinum amulet
 37501 | D:13     | Identified the ring of Morality {rF+ rCorr} (You found it
                  | in a treasure trove)
 37503 | D:13     | Identified the ring of Gocwim Pour {Wiz rElec rPois rN+}
                  | (You found it in a treasure trove)
 37505 | D:13     | Identified the amulet "Hoint" {+Rage +Inv} (You found it in
                  | a treasure trove)
 37507 | D:13     | Identified the amulet "Ruacw" {Spirit rElec rF+ SInv} (You
                  | found it in a treasure trove)
 37530 | D:13     | Identified the amulet "Bepheif" {Harm *Drain SInv} (You
                  | found it in a treasure trove)
 37534 | D:13     | Identified the ring "Igoenox" {rF++ rCorr} (You found it in
                  | a treasure trove)
 38181 | Spider:1 | Noticed Louise
 38250 | Spider:1 | Killed Louise
 38615 | Spider:2 | Slain by an entropy weaver

Levels and vault maps discovered:
D:1:      erik_arrival_orb_chamber, layout_basic, wad_floor_pattern_untrapped,
          serial_bayou_pond_e
D:2:      layout_loops_cross, chequers_ecumenical_altar_simple,
          minmay_tetromino_o2
D:3:      layout_rooms, okawaru_trees_1
D:4:      layout_loops_ring, old_standard_altar, first_ration, serial_shops,
          shop, item_on_display_a, uniq_ijyb
D:5:      minmay_goblin_kobold_castle, layout_loops_ring, kennysheep_mini,
          minmay_overflow_temple_star_hex, uniq_menkaure, uniq_blork_the_orc,
          uniq_duvessa
D:6:      layout_rooms, vehumet_crystals, hellmonk_ghost_happy_afterlife
D:7:      nicolae_whirlpool, layout_loops_ring, lemuel_crystal_altar,
          kennysheep_mini_moat, temple_hall, serial_shops, shop_statue,
          gammafunk_ghost_arena, minmay_misc_feat_columns
D:8:      layout_loops_corners, old_standard_altar, uniq_maurice
D:9:      layout_basic, basic_altar, gammafunk_ghost_icy
D:10:     layout_roguey, due_lair_maze_entry_diamond, basic_altar, uniq_joseph,
          uniq_sonja
D:11:     layout_cave_pools, uniq_harold
D:12:     layout_rooms, kennysheep_orc_monster_closet_entryway, basic_altar
D:13:     layout_stronghold, serial_column_ruins, column_ruins_temple_hut,
          column_ruins_open_medium, column_ruins_open_tiny, column_ruins_grid_3,
          column_ruins_open_small, nicolae_trove_entry_columns,
          nicolae_gozag_seed_capital
D:14:     layout_gridville, ximxim_vaults_locker_room,
          hangedman_pestilent_swarm, uniq_agnes
D:15:     grunt_enter_depths_magical_seal, layout_loops_ring, serial_shops,
          nicolae_shop_statue_plus, ashenzari_altar_1, drop_trap
Lair:1:   layout_roguey, basic_altar, grunt_megastairs_4,
          infiniplex_staircase_pool, minmay_lair_oklob_chamber
Lair:2:   layout_hall_layers, nicolae_spider_entry_tight_spaces,
          nicolae_volcano_entry_batcave, minivault_26,
          chequers_serial_rivers_micro_b
Lair:3:   layout_regular_city, lemuel_centaur_altar, uniq_nergalle, uniq_fannar
Lair:4:   layout_cave_pods, elwin_shoals_entry_stream, beast_lair_carwin_4
Lair:5:   layout_cave_pods, slime_altar_1, small_statue_intersection,
          lemuel_fruit_fields
Lair:6:   minmay_lair_end_frog_pond, layout_cave_pods, columned_hall_lemuel,
          uniq_josephine
Spider:1: layout_spider_delve, uniq_louise, uniq_asterion
Spider:2: layout_chambers
Orc:1:    layout_diamond_mine, basic_altar, uniq_erica
Orc:2:    grunt_orc_gardens, layout_caves, grunt_orc_garden, grunt_orc_garden,
          grunt_orc_garden, grunt_orc_garden, serial_shops,
          nicolae_shop_behind_doors

Skill      XL: |  1  2  3  4  5  6  7  8  9 10 11 12 13 14 15 16 |
---------------+-------------------------------------------------+-----
Stealth        | 6 7 8 9 10 | 10.2
Dodging        | 2 3 4 5 6 8 10 11 | 11.9
Short Blades   | 3 4 5 6 7 9 11 12 13 14 | 14.0
Throwing       | 3 4 5 7 8 10 11 12 | 12.3
Fighting       | 2 5 7 9 10 | 10.0
Hexes          | 1 6 9 11 12 | 12.0
Evocations     | 3 6 8 10 | 10.0
Translocations | 7 |  7.0
Invocations    | 4 7 |  7.9
Shields        | 2 6 |  6.1
Spellcasting   | 5 |  5.0
Transmutations | 1 2 |  2.1

Action                   |  1- 3 |  4- 6 |  7- 9 | 10-12 | 13-15 | 16-18 || total
-------------------------+-------+-------+-------+-------+-------+-------++-------
Melee: Dagger            |    98 |    26 |       |       |       |       ||   124
       Short sword       |       |   103 |   471 |   588 |  1595 |    89 ||  2846
       Rapier            |       |       |       |   345 |   970 |       ||  1315
       Quick blade       |       |       |       |       |   151 |       ||   151
Throw: Dart              |    10 |    28 |   106 |   170 |   148 |     9 ||   471
       Boomerang         |       |       |       |       |   192 |       ||   192
 Cast: Ensorcelled Hiber |       |       |       |       |    38 |       ||    38
       Confusing Touch   |       |       |       |       |    16 |       ||    16
       Tukima's Dance    |       |       |       |       |    31 |       ||    31
       Dazzling Flash    |       |       |       |       |     3 |       ||     3
       Blink             |       |       |       |       |     4 |       ||     4
Invok: Heroism           |       |       |       |     1 |     2 |       ||     3
       Finesse           |       |       |       |       |     1 |       ||     1
Evoke: Wand              |       |       |       |     4 |    10 |       ||    14
       Sack of spiders   |       |       |       |       |     2 |       ||     2
  Use: Scroll            |       |     7 |     1 |    13 |    19 |     5 ||    45
       Potion            |       |     2 |     2 |     2 |     4 |       ||    10
 Stab: Sleeping          |    25 |     5 |    27 |    37 |    46 |     1 ||   141
       Invisible         |       |       |       |    19 |    23 |       ||    42
       Distracted        |       |       |       |     1 |     3 |       ||     4
       Petrifying        |       |       |       |     1 |       |       ||     1
       Confused          |       |       |       |       |    19 |       ||    19
       Held in net/web   |       |       |       |       |     1 |       ||     1
  Eat: Ration            |       |       |     3 |     5 |    18 |     1 ||    27
Armor: Robe              |     5 |    18 |    26 |    32 |    98 |     7 ||   186
Dodge: Dodged            |    47 |   101 |   356 |   619 |  1511 |    67 ||  2701
Block: Other             |       |       |       |    28 |   126 |       ||   154
       Reflection        |       |       |       |     3 |    13 |       ||    16
       Buckler           |       |       |       |       |   422 |    27 ||   449

Table legend:
 A = Non-vault XP
 B = Vault XP
 C = Vault XP percentage of total XP
 D = Non-vault monster count
 E = Vault monster count
 F = Vault count percentage of total count
                 A         B        C        D         E       F
            +---------+---------+-------+---------+---------+-------
      Total |   98552 |   61038 |  38.2 |     603 |     258 |  30.0
            +---------+---------+-------+---------+---------+-------
        D:1 |      35 |      12 |  25.5 |      18 |      12 |  40.0
        D:2 |      36 |       3 |   7.7 |      20 |       2 |   9.1
        D:3 |     145 |       0 |   0.0 |      24 |       0 |   0.0
        D:4 |     502 |      38 |   7.0 |      14 |       1 |   6.7
        D:5 |     623 |     918 |  59.6 |      37 |      50 |  57.5
        D:6 |    1932 |       0 |   0.0 |      33 |       0 |   0.0
        D:7 |     824 |     241 |  22.6 |      32 |       2 |   5.9
        D:8 |    2224 |     462 |  17.2 |      29 |       1 |   3.3
        D:9 |     907 |       0 |   0.0 |      15 |       0 |   0.0
       D:10 |    2388 |    2261 |  48.6 |      25 |      11 |  30.6
       D:11 |    3727 |    1028 |  21.6 |      21 |       1 |   4.5
       D:12 |    3546 |    1716 |  32.6 |      19 |      20 |  51.3
       D:13 |    6655 |       0 |   0.0 |      47 |       0 |   0.0
       D:14 |    2508 |    7128 |  74.0 |      14 |      16 |  53.3
       D:15 |   18936 |    4445 |  19.0 |      45 |       8 |  15.1
     Lair:1 |    1668 |    1478 |  47.0 |       8 |       6 |  42.9
     Lair:2 |   11364 |    2255 |  16.6 |      33 |      10 |  23.3
     Lair:3 |    2525 |    2296 |  47.6 |      20 |       6 |  23.1
     Lair:4 |    3781 |    3560 |  48.5 |      10 |      11 |  52.4
     Lair:5 |    7462 |     564 |   7.0 |      26 |       2 |   7.1
     Lair:6 |    7613 |   14387 |  65.4 |      35 |      53 |  60.2
   Spider:1 |   13587 |    4514 |  24.9 |      44 |       2 |   4.3
   Spider:2 |     197 |       0 |   0.0 |       1 |       0 |   0.0
      Orc:1 |    2509 |    3146 |  55.6 |       5 |      11 |  68.8
      Orc:2 |    2858 |    6351 |  69.0 |      28 |      17 |  37.8
    Volcano |       0 |    4235 | 100.0 |       0 |      16 | 100.0
            +---------+---------+-------+---------+---------+-------
